 Dungeon Crawl Stone Soup version 0.28-a0-1524-ge72afd5fc6 (webtiles) character file.

Game seed: 4609826408685493881

14 psuckher the Sneak (level 2, -2/25 HPs)
             Began as a Barachi Delver on Jan 17, 2022.
             Slain by a sky beast (5 damage)
             ... on level 5 of the Dungeon.
             The game lasted 00:00:08 (22 turns).

psuckher the Sneak (Barachi Delver)                   Turns: 22, Time: 00:00:09

Health: -2/25      AC:  3    Str: 13    XL:     2   Next: 45%
Magic:  2/2        EV: 12    Int: 10    God:
Gold:   0          SH:  0    Dex: 13    Spells: 1/1 levels left

rFire   . . .      SeeInvis .   a - +0 falchion
rCold   . . .      Faith    .   (no shield)
rNeg    . . .      Spirit   .   b - +0 leather armour
rPois   .          Reflect  .   (no helmet)
rElec   .          Harm     .   (no cloak)
rCorr   .          Rampage  .   (no gloves)
Will    .....                   (no boots)
Stlth   +++.......              (no amulet)
HPRegen 0.08/turn               (no ring)
MPRegen 0.08/turn               (no ring)

@: slow
A: amphibious, slowness 1, strong legs 1, +LOS
a: Hop


You were on level 5 of the Dungeon.
You visited 1 branch of the dungeon, and saw 1 of its levels.

Inventory:

Hand Weapons
 a - a +0 falchion (weapon)
Armour
 b - a +0 leather armour (worn)
Wands
 g - a wand of digging (3)
Scrolls
 c - a scroll of fog
 d - a scroll of magic mapping
 e - a scroll of fear
Potions
 f - a potion of haste


   Skills:
 + Level 3.7 Fighting
 + Level 2.4 Long Blades
 + Level 2.2 Dodging
 + Level 5.0 Stealth


You had one spell level left.
You didn't know any spells.
Your spell library was empty.

Dungeon Overview and Level Annotations

Branches:
Dungeon (5/15)
 Temple: D:4-7

Altars:


Innate Abilities, Weirdness & Mutations

You are amphibious.
You cover ground slowly.
You can hop short distances.
You have an extended range of vision and can be seen from far away.


Message History

You kill the adder!
You feel sick. The ufetubus completely misses you.
The ufetubus barely misses you.
The quokka bites you but does no damage.
You have reached level 2!
You feel sick.
The ufetubus hits you but does no damage. x2
The quokka twitches its whiskers.
You hit the ufetubus but do no damage.
You feel sick.
You are no longer poisoned.
The ufetubus hits you but does no damage.
The ufetubus closely misses you. The ufetubus barely misses you.
The ufetubus closely misses you.
You miss the ufetubus.
The ufetubus hits you but does no damage.
The ufetubus hits you.
* * * LOW HITPOINT WARNING * * *
The ufetubus closely misses you.
The ufetubus hits you but does no damage.
You hit the ufetubus.
The ufetubus is heavily wounded.
The ufetubus hits you but does no damage.
The ufetubus closely misses you.
You hit the ufetubus.
You kill the ufetubus!
The quokka barely misses you.
Your Stealth skill increases to level 5!
You hit the quokka.
The quokka is severely wounded.
The quokka bites you.
* * * LOW HITPOINT WARNING * * *
You closely miss the quokka.
The quokka is severely wounded.
The quokka closely misses you.
You slash the quokka!
You kill the quokka!
Something hits you.
* * * LOW HITPOINT WARNING * * *
Something shocks you.
You die...

#....# . . ..... ..
.. .... ...
#..######... $...
........... .....
..........#......
###.......h........
(... #.##$#
#..##.##@#
##...#.#..#
.........##
.###.....####
#........####$
#..>..........
#....<........
..........>......
.####.............


You could see a black bear.

Vanquished Creatures
  An adder (D:5)
  An ufetubus (D:5)
  A quokka (D:5)
3 creatures vanquished.

Notes
Turn   | Place    | Note
-------+----------+-------------------------------------------
     0 | D:5      | psuckher the Barachi Delver began the quest for the Orb.
     0 | D:5      | Reached XP level 1. HP: 18/18 MP: 1/1
     6 | D:5      | Noticed a black bear
     8 | D:5      | Noticed a sky beast
    15 | D:5      | Reached XP level 2. HP: 11/25 MP: 2/2
    20 | D:5      | Reached skill level 5 in Stealth
    22 | D:5      | Slain by a sky beast

Illustrated notes

Levels and vault maps discovered:
D:5:      minmay_octagon_keep, layout_rooms, gammafunk_temple_overflow_claw

Skill      XL: |  1  2 |
---------------+-------+-----
Stealth        | 5 |  5.0
Fighting       | |  3.7
Long Blades    | |  2.4
Dodging        | |  2.2

Action                   || total
-------------------------++-------
Melee: Falchion          ||    13
Armor: Leather armour    ||     9
Dodge: Dodged            ||    15

Table legend: (Time is in decaauts)
 A = Elapsed time spent in this place.
 B = Non-inter-level travel time spent in this place.
 C = Inter-level travel time spent in this place.
 D = Time resting spent in this place.
 E = Time spent auto-exploring this place.
 F = Levels seen in this place.
 G = Mean time per level.
                   A        B        C        D        E       F      G
               +--------+--------+--------+--------+--------+-----+--------+
         Total |     26 |     26 |      0 |      0 |      0 |   1 |   26.0 |
       Dungeon |     26 |     26 |      0 |      0 |      0 |   1 |   26.0 |
               +--------+--------+--------+--------+--------+-----+--------+

Top non-repeatable levels by time:
     D:5: 26 daAuts
